 Dungeon Crawl Stone Soup version 0.29-a0-581-ge9a90b782e (webtiles) character file.

Game seed: 11372807896690752625

1866 Lekart the Carver (level 8, -1/71 HPs)
             Began as a Yellow Draconian Monk on June 14, 2022.
             Was a Believer of Qazlal.
             Slain by an unseen horror (5 damage)
             ... on level 7 of the Dungeon.
             The game lasted 00:10:58 (8011 turns).

Lekart the Carver (Yellow Draconian Monk)           Turns: 8011, Time: 00:10:58

Health: -1/71      AC:  7    Str: 13    XL:     8   Next: 90%
Magic:  8/8        EV: 15    Int: 11    God:    Qazlal [**....]
Gold:   382        SH:  8    Dex: 19    Spells: 7/7 levels left

rFire   . . .      SeeInvis .   a - +0 falchion (chaos)
rCold   . . .      Faith    .   (no shield)
rNeg    . . .      Spirit   .   (body armour unavailable)
rPois   .          Reflect  +   (helmet restricted)
rElec   +          Harm     .   (no cloak)
rCorr   +          Rampage  .   r - +0 pair of gloves
Will    .....                   (no boots)
Stlth   ++........              g - amulet of Sif Muna's Hatred {Reflect rElec Dex+3 Slay-2 SH+5}
HPRegen 0.21/turn               (no ring)
MPRegen 0.11/turn               (no ring)

@: about to teleport
A: spit acid, AC +6, unfitting armour, cold-blooded, acid resistance
a: Breathe Acid, Renounce Religion, Upheaval


You were on level 7 of the Dungeon.
You worshipped Qazlal.
Qazlal was pleased with you.
You visited 2 branches of the dungeon, and saw 8 of its levels.

You collected 382 gold pieces.

Inventory:

Hand Weapons
 a - a +0 falchion of chaos (weapon)
 y - a +1 dagger of flaming
Armour
 r - a +0 pair of gloves (worn)
Jewellery
 c - a ring of resist corrosion
 e - a ring of protection from cold
 g - the amulet of Sif Muna's Hatred (around neck) {Reflect rElec Dex+3 Slay-2 SH+5}
   (You acquired it on level 3 of the Dungeon)

   [amulet of reflection]

   It reflects blocked missile attacks.
   Dex:       It affects your dexterity (+3).
   Slay:      It affects your accuracy & damage with ranged weapons and melee
   (-2).
   rElec:     It insulates you from electricity.
   SH:        It affects your SH (+5).
 i - a ring of magical power
 s - a +4 ring of evasion
 x - a ring of magical power
Wands
 f - a wand of paralysis (5)
 A - a wand of digging (1)
Scrolls
 k - a scroll of magic mapping {unknown}
 m - a scroll of fear {unknown}
 o - 2 scrolls of amnesia {unknown}
 t - 3 scrolls of identify
 u - a scroll of blinking {unknown}
 w - a scroll of noise {unknown}
 E - a scroll of enchant armour {unknown}
 F - a scroll of enchant weapon {unknown}
Potions
 b - 3 potions of ambrosia
 d - 4 potions of might
 h - 2 potions of lignification
 j - a potion of haste
 l - 4 potions of curing {unknown}
 n - a potion of brilliance {unknown}
 p - a potion of degeneration {unknown}
 q - 2 potions of attraction {unknown}
 v - a potion of berserk rage {unknown}
 z - a potion of mutation {unknown}
 C - a potion of resistance {unknown}
 D - a potion of heal wounds {unknown}


   Skills:
 + Level 6.3 Fighting
 + Level 8.0 Long Blades
 + Level 5.9 Dodging
 - Level 1.7 Stealth
 + Level 3.9 Shields
 + Level 0.2 Invocations
 + Level 1.0 Evocations


You had 7 spell levels left.
You didn't know any spells.
Your spell library contained the following spells:

 Spells                   Type           Power      Damage    Failure   Level
 Magic Dart               Conj           0%         1d3       34%         1
 Shock                    Conj/Air       0%         1d3       34%         1
 Call Imp                 Summ           0%         N/A       47%         2
 Mephitic Cloud           Conj/Pois/Air  0%         N/A       71%         3
 Stone Arrow              Conj/Erth      0%         3d7       71%         3
 Swiftness                Air            0%         N/A       71%         3
 Airstrike                Air            0%         N/A       98%         4
 Lehudib's Crystal Spear  Conj/Erth      0%         10d2      100%        8
 Animate Armour           Summ/Erth      Unusable   N/A       N/A         4

Dungeon Overview and Level Annotations

Branches:
Dungeon (7/15)             Temple (1/1) D:5

Altars:
Ashenzari
Kikubaaqudgha
Makhleb
Okawaru
Qazlal
Sif Muna
Trog
Uskayaw
Vehumet
Wu Jian
Yredelemnul
Zin
The Shining One
Ignis

Shops:
D:2 =

Annotations:
D:4 3 runed translucent doors, vbjbw's ghost, novice SpEn


Innate Abilities, Weirdness & Mutations

You can spit globs of acid.
Your golden yellow scales are hard. (AC +6)
You cannot fit into any form of body armour.
You are cold-blooded and may be slowed by cold attacks.
You are resistant to acid. (rCorr)


Message History

F - a scroll labelled ZAXTEUDIAWK Something hits you but does no damage.
Deactivating autopickup; reactivate with Ctrl-A.
No target in view!
Something hits you.
No target in view!
Something hits you!
No target in view!
Something hits you but does no damage.
No target in view!
Something hits you!
No target in view!
No target in view!
No target in view!
Something hits you. Something hits you. Something hits you.
No target in view!
No target in view!
Found a ring of protection from cold.
Something hits you but does no damage. x2
You closely miss something. You block something's attack. Something hits you.
Something hits you. Something hits you but does no damage.
Something barely misses you. Something hits you but does no damage.
You start resting.
Something hits you!
You start resting.
Something hits you! You block something's attack. Something hits you!
* * * LOW HITPOINT WARNING * * *
Something hits you.
* * * LOW HITPOINT WARNING * * *
Something barely misses you. Something hits you.
* * * LOW HITPOINT WARNING * * *
As you read the scroll of teleportation, it crumbles to dust.
You feel strangely unstable. Something hits you!
* * * LOW HITPOINT WARNING * * *
Something hits you.
You die...

##≈≈≈≈≈(###
############.#.#.##
..........######## ###
#........##.###.#####.. #
##......................
#.#..........#.....###....
#............#............
##...........#.########.##
#=.......@...........$#.#
#.#.(.......##........####
.....................>+...
....$..#.###.#........####
.###..##..............#
...| ...............#
####.##..............# #.
#........####### .###.###


There were no monsters in sight!

Vanquished Creatures
  Pikel (D:6)
  Menkaure (D:4)
  A water moccasin (D:5)
  A black bear (D:6)
  An ice beast (D:6)
  An ogre (D:5)
  2 centaurs
  A lemure (D:6)
  A phantom (D:4)
  A necrophage (D:6)
  A howler monkey (D:6)
  3 hounds
  5 iguanas
  3 orc wizards (D:5)
  A river rat (D:3)
  11 adders
  3 shadow imps
  An ufetubus (D:5)
  3 worms
  4 dart slugs
  30 orcs
  5 ball pythons
  10 endoplasms
  4 giant cockroaches
  6 goblins
  7 hobgoblins
  3 jackals (D:4)
  9 kobolds
  4 quokkas
  7 bats
  3 frilled lizards
  5 rats
139 creatures vanquished.

Notes
Turn   | Place    | Note
-------+----------+-------------------------------------------
     0 | D:1      | Lekart the Draconian Monk began the quest for the Orb.
     0 | D:1      | Reached XP level 1. HP: 19/19 MP: 1/1
   142 | D:1      | Reached XP level 2. HP: 26/26 MP: 2/2
   170 | D:1      | You fall into a shaft and drop 1 floor!
   677 | D:2      | Reached XP level 3. HP: 26/33 MP: 3/3
   855 | D:2      | Found Ygucutiz's One-of-a-Kind Rings.
  1625 | D:1      | Reached XP level 4. HP: 38/40 MP: 4/4
  1630 | D:1      | Reached skill level 4 in Long Blades
  3194 | D:3      | Identified a scroll of acquirement
  3194 | D:3      | Acquired the amulet of Sif Muna's Hatred {Reflect rElec
                  | Dex+3 Slay-2 SH+5}
  3261 | D:4      | Noticed a centaur
  3266 | D:4      | Killed a centaur
  3267 | D:4      | Reached skill level 5 in Long Blades
  3267 | D:4      | Reached XP level 5. HP: 7/47 MP: 5/5
  3548 | D:4      | Found a runed translucent gate.
  3548 | D:4      | Found a runed translucent gate.
  3550 | D:4      | Found a runed translucent gate.
  3591 | D:4      | Noticed a phantom
  3605 | D:4      | Killed a phantom
  3606 | D:4      | Reached XP level 6. HP: 41/53 MP: 6/6
  4083 | D:4      | Noticed Menkaure
  4095 | D:4      | Killed Menkaure
  4096 | D:4      | Reached skill level 6 in Long Blades
  4517 | D:4      | Noticed vbjbw's ghost (novice SpEn)
  4934 | D:5      | Entered Level 5 of the Dungeon
  5209 | D:5      | Your scales start taking on a golden yellow colour.
  5209 | D:5      | Reached XP level 7. HP: 59/60 MP: 7/7
  5209 | D:5      | Gained mutation: You are resistant to acid. (rCorr) [Yellow
                  | Draconian growth]
  5389 | D:5      | Found a staircase to the Ecumenical Temple.
  5511 | Temple   | Entered the Ecumenical Temple
  5616 | Temple   | Became a worshipper of Qazlal Stormbringer
  5616 | Temple   | Reached * piety under Qazlal
  5616 | Temple   | Reached ** piety under Qazlal
  5680 | D:5      | Reached skill level 1 in Evocations
  5976 | D:5      | Reached skill level 1 in Shields
  5983 | D:5      | Reached skill level 5 in Fighting
  6013 | D:5      | Reached skill level 7 in Long Blades
  6763 | D:6      | Reached XP level 8. HP: 58/69 MP: 8/8
  6773 | D:6      | Reached skill level 5 in Dodging
  6990 | D:6      | Noticed Pikel
  7013 | D:6      | Killed Pikel
  7878 | D:7      | Found an iron altar of Okawaru.
  7898 | D:7      | Reached skill level 8 in Long Blades
  8011 | D:7      | Slain by an unseen horror

Illustrated notes

Levels and vault maps discovered:
D:1:      dpeg_arrival_chambers_temple_mockup, layout_basic,
          grunt_decor_one_mirror, chequers_serial_rivers_small_b,
          dk_noncrumbling_2
D:2:      layout_loops_corners, nicolae_shop_unique_rings,
          minmay_misc_feat_alley, minmay_between
D:3:      layout_basic
D:4:      layout_loops_ring, gammafunk_ghost_necromancy, eino_tiny_chamber,
          chequers_serial_rivers_room_a, uniq_menkaure
D:5:      layout_loops_cross, minmay_temple_entry_mini_moons,
          hangedman_minor_gate_pass
D:6:      layout_gridville, uniq_pikel
D:7:      layout_basic, mainiacjoe_overflow_cross_hatched, slow_altar_2,
          okawaru_altar_gauntlet_db
Temple:   pdpol_scorched_temple

Skill      XL: |  1  2  3  4  5  6  7  8 |
---------------+-------------------------+-----
Dodging        | 3 4 5 |  5.9
Fighting       | 4 5 6 |  6.3
Long Blades    | 5 6 7 8 |  8.0
Evocations     | 1 |  1.0
Shields        | 2 3 |  3.9
Stealth        | |  1.7
Invocations    | |  0.2

Action                   |  1- 3 |  4- 6 |  7- 9 || total
-------------------------+-------+-------+-------++-------
Melee: Falchion          |   131 |   206 |   235 ||   572
       Tailslap          |    14 |    21 |    32 ||    67
       Punch             |     1 |     2 |     3 ||     6
Invok: Upheaval          |       |       |     1 ||     1
 Abil: Breathe Acid      |       |       |     5 ||     5
Evoke: Wand              |       |     4 |       ||     4
  Use: Scroll            |     1 |     9 |     2 ||    12
 Stab: Sleeping          |     7 |    14 |     1 ||    22
       Petrifying        |       |     1 |       ||     1
       Paralysed         |       |     7 |     3 ||    10
       Distracted        |       |       |     1 ||     1
       Confused          |       |       |     1 ||     1
Armor: Skin              |    45 |    37 |    95 ||   177
Dodge: Dodged            |    93 |   111 |   161 ||   365
Block: Other             |       |    34 |   102 ||   136
       Reflection        |       |     3 |     1 ||     4

Table legend: (Time is in decaauts)
 A = Elapsed time spent in this place.
 B = Non-inter-level travel time spent in this place.
 C = Inter-level travel time spent in this place.
 D = Time resting spent in this place.
 E = Time spent auto-exploring this place.
 F = Levels seen in this place.
 G = Mean time per level.
                   A        B        C        D        E       F      G
               +--------+--------+--------+--------+--------+-----+--------+
         Total |   8029 |   7794 |    235 |    534 |   6002 |   8 | 1003.6 |
       Dungeon |   7716 |   7490 |    226 |    340 |   5949 |   7 | 1102.3 |
        Temple |    312 |    303 |      9 |    194 |     53 |   1 |  312.0 |
               +--------+--------+--------+--------+--------+-----+--------+

Top non-repeatable levels by time:
     D:4: 1718 daAuts
     D:2: 1353 daAuts
     D:6: 1311 daAuts
     D:5: 1254 daAuts
     D:1: 1039 daAuts
     D:3: 849 daAuts
  Temple: 312 daAuts
     D:7: 190 daAuts
